Map: Neon Violet Square LE

Players

PapaSchlumpf - Winner!

  • Race: Terran Terran
  • Spawn Location: 11:00

ColdTea

  • Race: Terran Terran
  • Spawn Location: 5:00

VOD

Have the link to the VOD?

Description

Time

  • Played on: May 1, 2018, 4:06 a.m.
  • Length: 14:11
Show
View Real Time Build Order
Export as new Build Order

PapaSchlumpf Terran - Winner!

Build Orders:  

Get SALT Encoding   

  12  0:01  SCV  
  13  0:13  SCV  
  14  0:18  Supply Depot  
  14  0:25  SCV  
  15  0:30  Refinery  
  15  0:40  SCV  
  16  0:47  Barracks  
  16  0:52  SCV  
  17  1:04  Refinery, SCV  
  18  1:17  SCV  
  19  1:38  Barracks Tech Lab  
  19  1:40  Orbital Command  
  19  1:45  Ghost Academy  
  19  1:58  Marine  
  20  2:05  SCV  
  21  2:19  Ghost  
  21  2:21  Barracks  
  23  2:42  Supply Depot  
  23  2:49  Factory  
  23  2:52  Personal Cloaking  
  23  3:03  Ghost, SCV  
  26  3:12  Barracks Tech Lab  
  26  3:16  SCV  
  26  3:18  Supply Depot  
  27  3:28  SCV  
  27  3:29  Supply Depot  
  28  3:37  Ghost  
  28  3:40  SCV  
  31  3:50  Marine  
  31  3:54  SCV  
  31  3:55  Bunker  
  33  4:05  Marine  
  33  4:08  Marine  
  35  4:18  Nuke  
  35  4:24  Command Center  
  35  4:29  Supply Depot  
  35  4:36  Ghost  
  37  4:55  Ghost  
  39  5:01  Engineering Bay  
  39  5:04  Ghost, Engineering Bay  
  41  5:24  Ghost  
  41  5:28  Refinery  
  43  5:32  Refinery  
  43  5:35  Nuke  
  43  5:38  SCV x2  
  45  6:03  SCV  
  44  6:14  Ghost  
  44  6:15  SCV  
  47  6:21  Barracks  
  47  6:22  Barracks  
  47  6:26  Terran Infantry Weapons Level 1  
  47  6:29  SCV  
  48  6:36  Orbital Command  
  48  6:38  Terran Infantry Armor Level 1  
  48  6:41  SCV  
  51  6:50  Ghost  
  51  6:52  Ghost  
  53  6:55  SCV  
  54  7:02  SCV  
  54  7:07  SCV  
  54  7:08  Barracks Tech Lab  
  56  7:09  Barracks Tech Lab  
  56  7:14  SCV  
  57  7:21  SCV  
  58  7:30  Command Center  
  58  7:36  SCV x2  
  60  7:39  Refinery  
  60  7:40  Refinery  
  60  7:56  SCV x2  
  62  8:04  Ghost Academy x2  
  62  8:08  SCV  
  62  8:10  Armory  
  63  8:14  Ghost x2  
  63  8:16  Ghost  
  69  8:22  Supply Depot  
  69  8:26  Supply Depot  
  69  8:36  Nuke x3  
  69  8:56  SCV x2  
  69  8:59  Orbital Command  
  71  9:08  SCV x2  
  73  9:11  Ghost x3  
  73  9:13  Terran Infantry Weapons Level 2  
  79  9:18  Terran Infantry Armor Level 2  
  79  9:27  Supply Depot  
  77  9:49  SCV  
  77  9:50  SCV x2  
  80  10:02  Ghost x2  
  80  10:03  Ghost x2  
  88  10:08  Command Center  
  88  10:11  Refinery, SCV x3  
  91  10:16  Refinery  
  91  10:23  SCV x3  
  94  10:30  Ghost  
  94  10:31  Ghost  
  94  10:35  SCV x3  
  101  10:36  Ghost  
  101  10:37  Ghost  
  105  11:27  Ghost x4  
  113  11:38  Nuke x3  
  113  11:42  Ghost Academy  
  113  11:43  Ghost Academy  
  113  11:46  Orbital Command  
  113  11:48  SCV x3  
  116  11:57  Supply Depot  
  116  12:00  SCV x3  
  119  12:03  Supply Depot  
  119  12:04  Supply Depot x2  
  119  12:05  Ghost x2  
  123  12:12  SCV  
  124  12:16  Nuke x2  
  124  12:18  Ghost x2, SCV x2  
  124  12:19  Supply Depot  
  130  12:26  Supply Depot  
  130  12:28  Supply Depot  
  130  12:29  Supply Depot  
  130  12:34  Ghost  
  132  12:43  Supply Depot  
  132  12:49  Ghost  
  132  12:50  Ghost x2  
  138  13:02  Ghost  
  138  13:05  Supply Depot  
  136  13:18  Ghost  
  138  13:20  Nuke x4  
Show
View Real Time Build Order
Export as new Build Order

ColdTea Terran 

Build Orders:  

Get SALT Encoding   

  12  0:01  SCV  
  13  0:16  Supply Depot  
  13  0:18  SCV  
  14  0:32  SCV  
  15  0:39  Barracks  
  15  0:47  SCV  
  16  0:50  Refinery  
  16  1:01  SCV  
  17  1:13  SCV  
  18  1:25  SCV  
  19  1:41  Barracks Reactor  
  19  1:42  Command Center  
  20  1:48  Orbital Command  
  19  2:14  Supply Depot  
  19  2:18  SCV  
  19  2:20  Barracks  
  20  2:24  Marine x2  
  22  2:30  SCV  
  22  2:42  Marine x2  
  24  2:44  SCV  
  24  2:50  Factory  
  25  2:53  Refinery  
  25  2:56  SCV  
  26  2:59  Orbital Command  
  26  3:05  Marine  
  27  3:08  SCV, Marine  
  29  3:20  SCV, Bunker  
  30  3:29  Barracks Tech Lab  
  30  3:33  SCV  
  31  3:35  Barracks  
  31  3:38  Factory Reactor  
  31  3:42  Starport  
  31  3:46  SCV  
  31  3:47  SCV  
  33  3:55  Marine x2  
  33  4:01  Stimpack  
  33  4:02  Marine  
  35  4:07  SCV x2  
  38  4:17  Supply Depot  
  38  4:19  SCV  
  38  4:21  Supply Depot  
  38  4:22  Marine  
  40  4:26  Supply Depot  
  40  4:27  Barracks Reactor  
  40  4:29  Marine  
  40  4:30  Marine  
  42  4:32  SCV  
  42  4:33  SCV  
  44  4:44  SCV  
  45  4:45  SCV  
  45  4:47  Marine x2  
  48  4:56  SCV  
  48  4:58  SCV  
  50  5:02  Medivac x2  
  50  5:03  Factory Tech Lab  
  50  5:06  Marine  
  50  5:07  Marine x3  
  55  5:08  Marauder  
  60  5:19  SCV x2  
  61  5:31  SCV x2  
  62  5:45  SCV  
  62  5:46  SCV  
  61  5:58  SCV x2  
  61  6:03  Engineering Bay  
  60  6:25  Marine x4  
  63  6:26  Marauder  
  63  6:29  Supply Depot  
  63  6:30  Engineering Bay  
  63  6:31  Supply Depot  
  63  6:32  Supply Depot  
  66  6:33  Supply Depot  
  66  6:37  Command Center, SCV x2  
  68  6:46  Medivac  
  70  6:51  Siege Tank, SCV x2  
  75  6:55  Marine x3  
  75  6:58  Medivac  
  75  7:00  Marine  
  81  7:08  Terran Infantry Weapons Level 1  
  81  7:09  Terran Infantry Armor Level 1  
  81  7:14  Missile Turret  
  81  7:19  Missile Turret  
  81  7:21  Supply Depot  
  81  7:26  Marine x4  
  81  7:27  Marauder  
  81  7:29  Siege Tank  
  90  7:39  Refinery x2  
  90  8:06  Starport  
  90  8:07  Viking  
  92  8:14  SCV x2  
  94  8:26  SCV x2  
  96  8:38  SCV x2  
  52  9:05  Liberator  
  52  9:06  Liberator  
  52  9:09  SCV x2  
  54  9:10  Orbital Command  
  54  9:11  Marine x3  
  54  9:12  Marauder, Marine  
  60  9:19  Bunker  
  60  9:21  SCV  
  60  9:22  SCV  
  68  9:26  Starport Tech Lab  
  68  9:32  Siege Tank  
  68  9:38  Barracks x3  
  71  9:40  Barracks  
  71  9:51  SCV  
  71  9:52  SCV x2  
  74  10:03  SCV  
  74  10:04  SCV x2  
  74  10:05  Marine x4  
  74  10:06  Marauder  
  83  10:13  Medivac  
  85  10:41  Marine x3  
  85  10:42  Marauder, Marine  
  91  10:43  Barracks Reactor x2  
  91  10:44  Barracks Reactor  
  91  10:48  Command Center  
  91  10:54  Medivac  
  93  10:57  Command Center  
  93  11:01  Refinery  
  93  11:02  Refinery  
  92  11:07  Marine x4  
  92  11:08  Marauder  
  61  11:40  SCV x2  
  61  11:41  SCV  
  61  11:42  Marine  
  61  11:43  Marine x3  
  61  11:44  Marauder  
  61  11:46  Barracks Reactor  
  70  11:48  Marine x5  
  70  11:49  Marine  
  70  11:51  Medivac x2  
  70  11:52  Siege Tank, SCV  
  70  11:53  SCV x2  
  86  12:04  Marine  
  86  12:05  Marine x4  
  86  12:06  Marine x5  
  96  12:10  Combat Shields  
  96  12:11  Marauder  
  98  12:22  Marine  
  99  12:24  Siege Tank  
  102  12:34  Marine x6  
  98  13:02  Marine x3  
  99  13:21  Missile Turret  
  58  13:47  Marine x5  
Tags
 
Add a new tag
Caveats
  • Supply blocks, unpowered buildings, or Contaminate may cause inaccurate times.
  • Supply counts are checked every 10 seconds.